 Dungeon Crawl Stone Soup version 0.29-a0-885-gb26ba3297d (webtiles) character file.

Game seed: 3458169740268076454

21982 xian the Unseen (level 13, 0/82 HPs)
             Began as a Kobold Wanderer on July 21, 2022.
             Was an Initiate of Gozag.
             Slain by an eight-headed hydra (4 damage)
             ... on level 11 of the Dungeon.
             The game lasted 00:49:57 (16355 turns).

xian the Unseen (Kobold Wanderer)                  Turns: 16355, Time: 00:49:58

Health: 0/82       AC:  8    Str:  7    XL:     13   Next: 24%
Magic:  15/15      EV: 27    Int: 21    God:    Gozag
Gold:   1845       SH:  5    Dex: 28    Spells: 10/14 levels left

rFire   + . .      SeeInvis +   G - +8 trident "Hasogir" {venom, Dex+2 Stlth+}
rCold   + + .      Faith    .   (shield currently unavailable)
rNeg    + + .      Spirit   .   w - +2 robe {rC+}
rPois   +          Reflect  +   t - +0 helmet
rElec   +          Harm     .   i - +1 cloak
rCorr   +          Rampage  .   b - +0 pair of gloves
Will    .....                   (no boots)
Stlth   ++++++++++              O - amulet of reflection
HPRegen 0.23/turn               d - ring of Ytwe {rN+ Int-4 Dex+8}
MPRegen 0.14/turn               F - ring "Messaor" {rN+ Int+6 SInv}

@: mighty, resistant, gold aura, on berserk cooldown, slowed, studying 3 skills,
very slow
A: small, no large weapons, nightstalker 3, clever 1, wild magic 2, noise
suppression
a: Renounce Religion, Potion Petition, Call Merchant, Bribe Branch


You were on level 11 of the Dungeon.
You worshipped Gozag.
Gozag was most pleased with you.
You visited 3 branches of the dungeon, and saw 14 of its levels.

You collected 2512 gold pieces.
You paid 667 gold pieces to Gozag.

Inventory:

Hand Weapons
 a - a +0 shortbow
 r - the +7 dagger "Eviscerator" {vorpal, *Noise rPois rCorr SInv}
   (You found it on level 4 of the Dungeon)

   It inflicts extra damage upon your enemies.
   rPois:     It protects you from poison.
   SInv:      It lets you see invisible.
   *Noise:    It may make noises in combat.
   rCorr:     It protects you from acid and corrosion.
 G - the +8 trident "Hasogir" (weapon) {venom, Dex+2 Stlth+}
   (You took it off a gnoll sergeant on level 7 of the Dungeon)

   It poisons the flesh of those it strikes.
   Dex:       It affects your dexterity (+2).
   Stlth:     It makes you more stealthy.
Missiles
 y - a throwing net
Armour
 b - a +0 pair of gloves (worn)
 i - a +1 cloak (worn)
 t - a +0 helmet (worn)
 w - a +2 robe of cold resistance (worn)
Jewellery
 d - the ring of Ytwe (left hand) {rN+ Int-4 Dex+8}
   (You acquired it on level 8 of the Dungeon)

   [ring of positive energy]

   Int:       It affects your intelligence (-4).
   Dex:       It affects your dexterity (+8).
   rN:        It protects you from negative energy.
 o - a +4 ring of protection
 s - a +6 ring of intelligence
 F - the ring "Messaor" (right hand) {rN+ Int+6 SInv}
   (You found it on level 7 of the Dungeon)

   [ring of see invisible]

   Int:       It affects your intelligence (+6).
   rN:        It protects you from negative energy.
   SInv:      It lets you see invisible.
 O - an amulet of reflection (around neck)
Wands
 g - a wand of iceblast (7)
 j - a wand of mindburst (2)
 q - a wand of flame (17)
 D - a wand of polymorph (11)
 E - a wand of quicksilver (17)
Scrolls
 c - 4 scrolls of fog
 k - a scroll of immolation
 l - 4 scrolls of fear
 n - 7 scrolls of enchant weapon
 p - 2 scrolls of brand weapon
 u - a scroll of amnesia {unknown}
 v - a scroll of poison {unknown}
 H - 3 scrolls of teleportation {unknown}
 J - 2 scrolls of vulnerability {unknown}
 M - a scroll of blinking {unknown}
Potions
 e - 2 potions of brilliance
 f - 7 potions of curing
 h - a potion of might {unknown}
 m - 3 potions of flight
 z - a potion of magic {unknown}
 A - 2 potions of invisibility {unknown}
 B - a potion of haste {unknown}
 C - 3 potions of berserk rage {unknown}
 I - a potion of cancellation
 K - 2 potions of ambrosia {unknown}
 N - a potion of resistance {unknown}
Miscellaneous
 L - a condenser vane


   Skills:
 * Level 9.8 Fighting
 + Level 9.1 Short Blades
 + Level 0.1 Maces & Flails
 + Level 3.0 Polearms
 - Level 9.1 Ranged Weapons
 + Level 11.1 Dodging
 * Level 18.5 Stealth
 + Level 0.6 Shields
 + Level 1.4 Spellcasting
 + Level 2.0 Fire Magic
 * Level 8.1 Evocations


You had 10 spell levels left.
You knew the following spells:

 Your Spells              Type           Power      Damage    Failure   Level
a - Foxfire               Conj/Fire      36%        2x1d5     21%         1
b - Inner Flame           Hex/Fire       9%         N/A       47%         3

Your spell library contained the following spells:

 Spells                   Type           Power      Damage    Failure   Level
 Apportation              Tloc           4%         N/A       30%         1
 Blink                    Tloc           4%         N/A       41%         2
 Static Discharge         Conj/Air       2%         3-4/arc   41%         2
 Conjure Flame            Conj/Fire      9%         6-21      47%         3
 Ignite Poison            Fire/Tmut/Pois 7%         N/A       52%         3
 Gell's Gravitas          Tloc           2%         N/A       61%         3
 Lesser Beckoning         Tloc           2%         N/A       61%         3
 Ozocubu's Armour         Ice            2%         N/A       61%         3
 Teleport Other           Tloc           2%         N/A       61%         3
 Sticky Flame             Conj/Fire      9%         2d3       83%         4
 Anguish                  Hex/Necr       1%         N/A       92%         4
 Cause Fear               Hex            1%         N/A       92%         4
 Alistair's Intoxication  Tmut/Pois      1%         N/A       99%         5
 Lightning Bolt           Conj/Air       1%         1d12      99%         5
 Manifold Assault         Tloc           2%         N/A       99%         5
 Dispersal                Tloc           1%         N/A       100%        6
 Enfeeble                 Hex            1%         N/A       100%        7
 Ozocubu's Refrigeration  Ice            1%         4d5       100%        7
 Discord                  Hex            1%         N/A       100%        8
 Maxwell's Capacitive Co  Air            1%         ∞         100%        8


Dungeon Overview and Level Annotations

Branches:
Dungeon (11/15)            Temple (1/1) D:5            Lair (2/5) D:10
  Swamp: Lair:2-3    Shoals: Lair:2-3     Snake: Lair:2-3    Spider: Lair:2-3
    Orc: D:9-12

Altars:
Ashenzari
Cheibriados
Dithmenos
Elyvilon
Fedhas
Gozag
Hepliaklqana
Kikubaaqudgha
Makhleb
Nemelex Xobeh
Okawaru
Qazlal
Ru
Sif Muna
Trog
Uskayaw
Vehumet
Wu Jian
Xom
Yredelemnul
Zin
The Shining One

Shops:
D:2 :   D:9 (


Innate Abilities, Weirdness & Mutations

You are small and have problems with some larger weapons.
You are completely attuned to the shadows.
Your mind is acute. (Int +4, Str/Dex -1)
Your spells are harder to cast, but more powerful.
You passively dampen the noise of your surroundings.


Message History

Aiming: Charm
Press: ? - help, Shift-Dir - straight line, f - eight-headed hydra
Aim: an eight-headed hydra (heavily wounded, very poisoned, chance to affect: 32%)
The eight-headed hydra is charmed.
The now-empty wand crumbles to dust.
The manticore is no longer distracted by gold.
The manticore is distracted by your dazzling golden aura.
You are no longer corroded.
The manticore is no longer distracted by gold.
Items here: ! $ ) [.
Something bites your eight-headed hydra.
Something barely misses your eight-headed hydra.
Something claws your eight-headed hydra!
Your eight-headed hydra bites something but does no damage.
Your eight-headed hydra bites something!
Your eight-headed hydra bites something.
Your eight-headed hydra bites something!
Your eight-headed hydra bites something.
Your eight-headed hydra bites something!
You feel a bit more experienced.
You swap places.
Your eight-headed hydra looks more healthy.
You now have 1816 gold pieces (gained 3).
Things that are here:
a +5 hand axe of electrocution; a +0 ring mail; a potion of mutation Unknown command.
You now have 1845 gold pieces (gained 29).
A manticore comes into view.
The eight-headed hydra is no longer charmed.
The eight-headed hydra bites you.
* * * LOW HITPOINT WARNING * * *
The eight-headed hydra bites you but does no damage.
The eight-headed hydra bites you.
* * * LOW HITPOINT WARNING * * *
The eight-headed hydra bites you!
* * * LOW HITPOINT WARNING * * *
You block the eight-headed hydra's attack.
The eight-headed hydra barely misses you.
The eight-headed hydra bites you.
You die...
Your body crumbles into a pile of gold.

##.##...#.........<
.#...#$#.#.#######.#
...#)..##$$# #.#
#...#.#$#$# #.#
..##.##...#.# #.#
.#H...)#.##.#######.#
#..###..##...........
.#..#D.##..########.#
#@###..# #.# #...#
#.# #.# ...#.# #.#
.###.. #.# #.# #.# $
#.# #.# #.#
.#######.#


You could see an eight-headed hydra and a manticore (wandering).

Vanquished Creatures
  A hydra (Lair:1)
  The ghost of gobodom the Frost Mage, a journeyman DsIE (Lair:1)
  An ogre mage (D:11)
  Nergalle (D:10)
  Sonja (D:10)
  Pikel (D:5)
  A deep elf pyromancer (D:11)
  A manticore (D:11)
  Joseph (D:10)
  Maggie (D:10)
  Psyche (D:8)
  3 unseen horrors
  A kobold demonologist (D:9)
  A rime drake (Lair:1)
  A komodo dragon (D:11)
  A freezing wraith (D:11)
  3 trolls
  Grinder (D:3)
  5 blink frogs (Lair:1)
  Sigmund (D:5)
  A shadow (D:10)
  A vampire (D:10)
  6 wyverns
  3 steam dragons
  41 yaks
  4 vampire mosquitoes
  Menkaure (D:5)
  2 acid dragons
  8 water moccasins
  2 ice beasts (D:6)
  3 orc warriors
  3 ogres
  4 wolves (Lair:1)
  5 centaurs
  3 phantoms
  Blork the orc (D:4)
  2 necrophages
  2 scorpions (D:5)
  6 bullfrogs
  4 gnoll sergeants
  4 killer bees (D:9)
  A howler monkey (D:6)
  4 hounds
  3 jellies
  A gnoll bouda (D:7)
  2 orc priests
  A centaur skeleton (D:3)
  8 orc wizards
  A scorpion zombie (D:3)
  Ijyb (D:3)
  3 iguanas
  A hound zombie (D:3)
  3 hound skeletons (D:3)
  7 gnolls (D:7)
  8 adders
  7 river rats (D:6)
  2 shadow imps
  2 white imps
  2 ufetubi
  An adder zombie (D:3)
  2 worms
  The ghost of gdog the Covert, a weakling GnDe (D:7)
  A dart slug (D:1)
  17 orcs
  10 bats
  8 endoplasms
  8 giant cockroaches
  5 goblins
  11 hobgoblins
  10 jackals
  9 kobolds
  14 quokkas
  4 ball pythons
  2 ball python skeletons (D:3)
  2 ball python zombies (D:3)
  3 frilled lizards
  22 rats
321 creatures vanquished.

Vanquished Creatures (collateral kills)
  A manticore (D:11)
  A foxfire (D:10)
2 creatures vanquished.

Vanquished Creatures (others)
  11 foxfires
  5 fungi
  16 plants
  2 withered plants (D:3)
34 creatures vanquished.

Grand Total: 357 creatures vanquished

Notes
Turn   | Place    | Note
-------+----------+-------------------------------------------
     0 | D:1      | xian the Kobold Wanderer began the quest for the Orb.
     0 | D:1      | xian set off with the following items: a +0 shortbow, a +0
                  | pair of gloves, a scroll of fog, a +0 robe; and the
                  | following spell memorised: Foxfire; and the following
                  | spells available to memorise: Inner Flame.
     0 | D:1      | Reached XP level 1. HP: 12/12 MP: 2/2
   147 | D:1      | Reached XP level 2. HP: 16/16 MP: 0/3
   720 | D:1      | Reached XP level 3. HP: 14/20 MP: 5/5
   839 | D:1      | Learned a level 3 spell: Inner Flame
  1019 | D:1      | Found a faded altar of an unknown god.
  1991 | D:2      | Found Kiurao's Book Emporium.
  1996 | D:2      | Reached skill level 5 in Stealth
  2062 | D:2      | Reached XP level 4. HP: 25/25 MP: 6/6
  2383 | D:2      | Found a hide-covered altar of Uskayaw.
  2985 | D:3      | Noticed Ijyb
  3194 | D:3      | HP: 1/26 [Ijyb/+0 club (1)]
  3225 | D:3      | HP: 1/26 [Ijyb/+0 club (3)]
  3226 | D:3      | Killed Ijyb
  3931 | D:3      | Found an ancient bone altar of Kikubaaqudgha.
  3948 | D:3      | Found an iron altar of Okawaru.
  3951 | D:3      | Found a sparkling altar of Nemelex Xobeh.
  3975 | D:3      | Found a glowing golden altar of the Shining One.
  4001 | D:3      | Reached XP level 5. HP: 28/31 MP: 7/7
  4154 | D:3      | Reached skill level 5 in Ranged Weapons
  4161 | D:3      | Reached skill level 1 in Dodging
  4323 | D:3      | Reached XP level 6. HP: 36/36 MP: 8/8
  4719 | D:4      | Noticed Grinder
  4733 | D:3      | Killed Grinder
  4734 | D:3      | Reached skill level 6 in Stealth
  4734 | D:3      | Reached XP level 7. HP: 16/41 MP: 9/9
  5179 | D:4      | Noticed Blork the orc
  5183 | D:4      | Killed Blork the orc
  5243 | D:4      | Identified the +7 dagger "Eviscerator" {vorpal, *Noise
                  | rPois rCorr SInv}
  5314 | D:4      | Found a sacrificial altar of Ru.
  5315 | D:4      | Found a blossoming altar of Fedhas.
  5317 | D:4      | Found a broken altar of Ashenzari.
  5323 | D:4      | You fall into a shaft and drop 1 floor!
  5323 | D:5      | Entered Level 5 of the Dungeon
  5877 | D:5      | Noticed Sigmund
  5880 | D:5      | Noticed Menkaure
  5884 | D:5      | Reached XP level 8. HP: 48/48 MP: 10/10
  5885 | D:5      | Killed Menkaure
  5886 | D:5      | Reached skill level 1 in Short Blades
  5886 | D:5      | Reached skill level 7 in Stealth
  6127 | D:5      | Killed Sigmund
  6128 | D:5      | Reached skill level 8 in Stealth
  6376 | D:5      | Found a staircase to the Ecumenical Temple.
  6378 | D:5      | Noticed Pikel
  6410 | D:5      | Gained mutation: Your spells are a little harder to cast,
                  | but a little more powerful. [potion of mutation]
  6410 | D:5      | Gained mutation: You passively dampen the noise of your
                  | surroundings. [potion of mutation]
  6410 | D:5      | Gained mutation: Your spells are harder to cast, but more
                  | powerful. [potion of mutation]
  6410 | D:5      | Gained mutation: Your mind is acute. (Int +4, Str/Dex -1)
                  | [potion of mutation]
  6414 | D:5      | Killed Pikel
  6415 | D:5      | Reached skill level 10 in Stealth
  6415 | D:5      | Reached XP level 9. HP: 10/52 MP: 11/11
  6563 | Temple   | Entered the Ecumenical Temple
  7087 | Temple   | Became a worshipper of Gozag Ym Sagoz the Greedy
  7536 | D:6      | Reached skill level 11 in Stealth
  7981 | D:6      | Reached skill level 5 in Fighting
  8150 | D:6      | Reached skill level 12 in Stealth
  8154 | D:6      | Reached XP level 10. HP: 59/59 MP: 12/12
  8295 | D:6      | Reached skill level 5 in Short Blades
  8295 | D:6      | Reached skill level 5 in Dodging
  8780 | D:6      | Reached skill level 13 in Stealth
  9049 | D:7      | Found a transporter.
  9384 | D:7      | Noticed gdog's ghost (weakling GnDe)
  9519 | D:7      | Killed gdog's ghost
  9689 | D:7      | Found a transporter.
  9700 | D:7      | Identified the ring "Messaor" {rN+ Int+6 SInv}
  9735 | D:7      | Identified the +8 trident "Hasogir" {venom, Dex+2 Stlth+}
 10231 | D:7      | Found a shimmering altar of Xom.
 10863 | D:8      | Identified a scroll of acquirement
 10864 | D:8      | Acquired the ring of Ytwe {rN+ Int-4 Dex+8}
 10914 | D:8      | Reached skill level 14 in Stealth
 10923 | D:8      | Noticed Psyche
 10927 | D:8      | Killed Psyche
 10928 | D:8      | Reached skill level 1 in Polearms
 11404 | D:9      | Reached XP level 11. HP: 52/64 MP: 10/13
 11564 | D:9      | Reached skill level 5 in Evocations
 11770 | D:9      | Found Toirig's Weapon Shoppe.
 11809 | D:9      | Reached skill level 15 in Stealth
 11933 | D:9      | Found a shimmering blue altar of Sif Muna.
 11956 | D:10     | Entered Level 10 of the Dungeon
 12238 | D:10     | Found a stormy altar of Qazlal.
 12298 | D:10     | Found a staircase to the Lair.
 12673 | D:10     | Noticed Nergalle
 12677 | D:10     | Killed Nergalle
 12719 | D:10     | Noticed Joseph
 12722 | D:10     | Killed Joseph
 12726 | D:10     | Noticed Sonja
 12730 | D:10     | Killed Sonja
 12751 | D:10     | Noticed Maggie
 12755 | D:10     | Killed Maggie
 12756 | D:10     | Reached skill level 16 in Stealth
 12959 | D:10     | Reached XP level 12. HP: 44/73 MP: 9/14
 13349 | Lair:1   | Entered Level 1 of the Lair of Beasts
 13356 | Lair:1   | You fall into a shaft and drop 1 floor!
 13808 | Lair:1   | Reached skill level 17 in Stealth
 14081 | Lair:1   | Noticed an eight-headed hydra
 14085 | Lair:1   | Killed an eight-headed hydra
 14307 | Lair:1   | Reached skill level 10 in Dodging
 14598 | Lair:1   | Found a runed translucent gate.
 14598 | Lair:1   | Found a runed translucent gate.
 14598 | Lair:1   | Found a runed translucent gate.
 14604 | Lair:1   | Noticed gobodom's ghost (journeyman DsIE)
 14608 | Lair:1   | Killed gobodom's ghost
 15728 | D:11     | Acquired an amulet of reflection
 15850 | D:11     | Reached skill level 18 in Stealth
 15904 | D:11     | Reached XP level 13. HP: 64/80 MP: 15/15
 15921 | D:11     | Noticed an eight-headed hydra
 15940 | D:11     | Noticed an ogre mage
 16290 | D:11     | Paralysed by an ogre mage for 5 turns
 16299 | D:11     | Killed an ogre mage
 16355 | D:11     | HP: 4/82 [eight-headed hydra (9)]
 16355 | D:11     | Slain by an eight-headed hydra

Illustrated notes

Levels and vault maps discovered:
D:1:      minmay_arrival_three_doors, layout_basic,
          shapermc_ecumenical_altar_pompeii
D:2:      layout_loops_ring, serial_shops, nicolae_diamond_shop, basic_altar
D:3:      layout_loops_corners, grunt_temple_overflow_open,
          gup_sewer_entry_bubbles, serial_undead, serial_undead_b,
          serial_undead_f, serial_undead_b, serial_undead_e, serial_undead_e,
          serial_undead_a, serial_undead_e, uniq_ijyb
D:4:      kennysheep_big_flooded_room, layout_cave_pools,
          chequers_temple_overflow_statue_of_worship, uniq_blork_the_orc,
          uniq_grinder
D:5:      layout_basic, minmay_temple_entry_grid, uniq_menkaure, uniq_pikel,
          uniq_sigmund
D:6:      lemuel_ratsnest, layout_rooms, st_stairs_8, minmay_manual_mullet
D:7:      layout_basic, mainiacjoe_overflow_cross_hatched,
          gammafunk_ghost_gnarly_gnolls
D:8:      layout_rooms, uniq_psyche
D:9:      layout_layer_cave, tgw_sif, orc_david_3, serial_shops,
          nicolae_shop_waterfront
D:10:     layout_basic, grunt_qazlal_clouds, minmay_lair_entry_grove,
          uniq_sonja, uniq_maggie, uniq_nergalle, uniq_joseph
D:11:     minmay_the_grid_octo_tiled_octocenter_mashed
          [minmay_the_grid_octo_clover, minmay_the_grid_octo_checkered,
          minmay_the_grid_octo_focus, minmay_the_grid_octo_fan_narrow,
          minmay_the_grid_octo_prize_square_snowflake,
          minmay_the_grid_square_5x5_gyroscope,
          minmay_the_grid_square_5x5_detours, minmay_the_grid_square_5x5_spiral,
          minmay_the_grid_square_5x5_seven], layout_small_grid
Temple:   minmay_temple_forest_path
Lair:1:   layout_roguey, ebering_ghost_rock_garden
Lair:2:   layout_cave_pods, nicolae_swamp_entry_splash_gauntlet,
          dummy_spider_entry, serial_bayou_shore_b, serial_bayou_shore_a

Skill      XL: |  1  2  3  4  5  6  7  8  9 10 11 12 13 |
---------------+----------------------------------------+-----
Ranged Weapons | 3 4 5 6 7 9 |  9.1
Stealth        | 5 6 10 12 14 16 18 | 18.5
Fighting       | 2 3 4 5 6 7 9 |  9.8
Dodging        | 1 2 3 4 6 9 10 11 | 11.1
Short Blades   | 3 4 6 7 8 9 |  9.1
Evocations     | 3 4 6 7 8 |  8.1
Polearms       | 1 2 3 |  3.0
Maces & Flails | |  0.1
Shields        | |  0.6
Spellcasting   | |  1.4
Fire Magic     | |  2.0

Action                   |  1- 3 |  4- 6 |  7- 9 | 10-12 | 13-15 || total
-------------------------+-------+-------+-------+-------+-------++-------
Melee: Club              |       |    55 |       |       |       ||    55
       Dagger            |       |       |   232 |   597 |    41 ||   870
       Punch             |       |       |     2 |     8 |       ||    10
       Trident           |       |       |       |    50 |    29 ||    79
 Fire: Shortbow          |   123 |   121 |    48 |       |       ||   292
 Cast: Foxfire           |     7 |     1 |       |     2 |       ||    10
Invok: Potion Petition   |       |       |       |       |     1 ||     1
Evoke: Wand              |       |     6 |     3 |     6 |     5 ||    20
  Use: Scroll            |       |     5 |     1 |     8 |     1 ||    15
       Potion            |       |     4 |     2 |     4 |       ||    10
 Stab: Sleeping          |       |       |    25 |    49 |       ||    74
       Distracted        |       |       |     2 |     6 |     1 ||     9
Armor: Robe              |    31 |    42 |    67 |    66 |    10 ||   216
       Skin              |       |    18 |       |       |       ||    18
Dodge: Dodged            |    68 |   135 |   174 |   482 |    85 ||   944
Block: Other             |       |       |       |    12 |    22 ||    34

Table legend: (Time is in decaauts)
 A = Elapsed time spent in this place.
 B = Non-inter-level travel time spent in this place.
 C = Inter-level travel time spent in this place.
 D = Time resting spent in this place.
 E = Time spent auto-exploring this place.
 F = Levels seen in this place.
 G = Mean time per level.
                   A        B        C        D        E       F      G
               +--------+--------+--------+--------+--------+-----+--------+
         Total |  16267 |  15742 |    525 |    369 |  12316 |  14 | 1161.9 |
       Dungeon |  14210 |  13790 |    420 |    369 |  10743 |  11 | 1291.8 |
        Temple |    566 |    492 |     74 |      0 |    478 |   1 |  566.0 |
          Lair |   1490 |   1459 |     31 |      0 |   1095 |   2 |  745.0 |
               +--------+--------+--------+--------+--------+-----+--------+

Top non-repeatable levels by time:
     D:3: 1964 daAuts
     D:1: 1872 daAuts
     D:7: 1769 daAuts
    D:10: 1609 daAuts
     D:6: 1472 daAuts
     D:2: 1270 daAuts
  Lair:1: 1239 daAuts
     D:5: 1208 daAuts
    D:11: 1117 daAuts
     D:4: 763 daAuts
     D:9: 713 daAuts
  Temple: 566 daAuts
     D:8: 448 daAuts
  Lair:2: 250 daAuts
